 Dungeon Crawl Stone Soup version 0.31-a0-819-gf6de2f5ab6 (console) character file.

Game seed: 15506818594432462627

9014 jejorda2 the Cleaver (level 11, -14/89 HPs)
             Began as a Gnoll Berserker on Sept 23, 2023.
             Was an Elder of Trog.
             Demolished by a komodo dragon (18 damage)
             ... on level 1 of the Lair of Beasts.
             The game lasted 00:27:00 (10730 turns).

jejorda2 the Cleaver (Gnoll Berserker)             Turns: 10730, Time: 00:27:01

Health: -14/89     AC: 15    Str: 25    XL:     11   Next: 39%
Magic:  20/20      EV: 10    Int:  6    God:    Trog [****..]
Gold:   967        SH:  0    Dex: 12    Spells: 22/22 levels left

rFire   + . .        b - +0 war axe
rCold   . . .        (no shield)
rNeg    . . .        w - +1 plate armour {rF+}
rPois   +            g - +0 helmet "Soygaudd" {rPois Str+4}
rElec   .            (no cloak)
rCorr   .            (no gloves)
SInv    .            (no boots)
Will    ++++.        (no amulet) Stlth
                     k - ring of willpower
HPRegen 1.34/turn    v - ring of willpower
MPRegen 0.17/turn

%: no passive effects
@: strong-willed, on berserk cooldown, regenerating, hasted and slowed
A: fangs 1, strong nose, distributed training
a: Renounce Religion, Berserk, Trog's Hand, Brothers in Arms


You were on level 1 of the Lair of Beasts.
You worshipped Trog.
Trog was greatly pleased with you.
You visited 2 branches of the dungeon, and saw 11 of its levels.

You collected 967 gold pieces.

Inventory:

Hand Weapons
 a - a +0 dire flail
 b - a +0 war axe (weapon)
Missiles
 c - 3 curare-tipped darts
 e - 36 poisoned darts (quivered)
 x - 3 boomerangs
 y - 2 javelins
 z - a throwing net
Armour
 g - the +0 helmet "Soygaudd" (worn) {rPois Str+4}
   (You found it on level 9 of the Dungeon)

   Str+4:     It affects your strength (+4).
   rPois:     It protects you from poison
 w - a +1 plate armour of fire resistance (worn)
Jewellery
 j - a ring of fire
 k - a ring of willpower (left hand)
 v - a ring of willpower (right hand)
Wands
 f - a wand of roots (8)
 h - a wand of digging (7)
 m - a wand of light (2)
 B - a wand of flame (29)
Scrolls
 i - a scroll of immolation
 p - 5 scrolls of teleportation
 t - a scroll of fear
 u - a scroll of revelation
Potions
 n - a potion of magic
 o - a potion of cancellation
 q - 3 potions of curing
 r - a potion of enlightenment
 D - a potion of haste


   Skills:
 + Level 9.2 Fighting
 + Level 6.3 Short Blades
 + Level 6.3 Long Blades
 + Level 9.2 Axes
 + Level 6.3 Maces & Flails
 + Level 6.3 Polearms
 + Level 6.3 Staves
 + Level 6.3 Ranged Weapons
 + Level 6.3 Throwing
 + Level 7.9 Armour
 + Level 7.9 Dodging
 + Level 6.3 Stealth
 + Level 6.3 Shields
 + Level 6.3 Unarmed Combat
 + Level 6.3 Spellcasting
 + Level 5.2 Conjurations
 + Level 5.2 Hexes
 + Level 5.2 Summonings
 + Level 5.2 Necromancy
 + Level 5.2 Translocations
 + Level 5.2 Transmutations
 + Level 5.2 Fire Magic
 + Level 5.2 Ice Magic
 + Level 5.2 Air Magic
 + Level 5.2 Earth Magic
 + Level 5.2 Poison Magic
 + Level 7.0 Invocations
 + Level 6.3 Evocations
 + Level 5.8 Shapeshifting


You had 22 spell levels left.
You didn't know any spells.
Your spell library was empty.

Dungeon Overview and Level Annotations

Branches:
Dungeon (10/15)            Temple (0/1) D:4            Lair (1/5) D:10
    Orc (0/2) D:10

Altars:
Cheibriados
Elyvilon
Hepliaklqana
Kikubaaqudgha
Makhleb
Ru
Sif Muna
Uskayaw
Wu Jian
Xom
The Shining One

Shops:
D:4 (   D:9 [

Annotations:
D:8 3 runed translucent doors, demibob's ghost, novice MfCK


Innate Abilities, Weirdness & Mutations

You have very sharp teeth.
Your uncanny sense of smell can sniff out nearby items.
Your experience applies equally to all skills.


Message History

The blink frog blinks!
The water moccasin bites you but does no damage.
The blink frog barely misses you.
As you read the scroll of teleportation, it crumbles to dust.
You feel strangely unstable.
The water moccasin is no longer blind.
The water moccasin barely misses you.
The blink frog blinks!
The water moccasin bites you but does no damage. x2
Unknown command.
Your skin crawls.
You feel strong-willed.
Your surroundings suddenly seem different.
A komodo dragon, a water moccasin and a basilisk come into view.
The komodo dragon hisses angrily.
The water moccasin hisses angrily.
The basilisk gazes at you. You resist with almost no effort.
The basilisk gazes at you. You resist with almost no effort.
You closely miss the water moccasin. You slash the plant!
The plant begins to die.
The water moccasin barely misses you.
The water moccasin bites you but does no damage.
The water moccasin barely misses you.
The water moccasin completely misses you.
The water moccasin bites you but does no damage.
You hit the komodo dragon but do no damage.
You barely miss the water moccasin.
A nearby plant withers and dies.
The water moccasin bites you but does no damage.
The komodo dragon bites you but does no damage.
The water moccasin barely misses you.
You feel much better.
The water moccasin bites you but does no damage.
The komodo dragon bites you! The basilisk closely misses you.
The water moccasin bites you but does no damage.
The komodo dragon bites you!!
* * * LOW HITPOINT WARNING * * *
You feel yourself speed up. The water moccasin bites you.
* * * LOW HITPOINT WARNING * * *
The basilisk bites you!
* * * LOW HITPOINT WARNING * * *
The water moccasin closely misses you. The komodo dragon bites you!!
You die...

#..... ....
....
.#...P...
....
....#...
....
#...#.P
....
#...#.# ...
...P.# ..
#.###...# +
#.......#
#.....S@#
#.....ll#
#.........
##.......##
#.........
##.......#
#.......#
#.P..##.#


You could see a komodo dragon, a basilisk and a water moccasin.

Vanquished Creatures
  Gastronok (D:9)
  A two-headed ogre (D:10)
  An ugly thing (D:9)
  Maggie (D:6)
  A gargoyle (D:10)
  3 trolls
  A hornet (D:9)
  A shadow (D:9)
  A wyvern (D:10)
  A vampire (D:9)
  The ghost of hattop the Ruffian, an amateur DrSh (D:4)
  4 yaks (D:10)
  2 steam dragons
  Duvessa (D:6)
  A water moccasin (D:9)
  3 orc warriors
  An ice beast (D:6)
  A black bear (D:5)
  2 sky beasts
  3 ogres
  3 wolves (Lair:1)
  3 centaurs
  2 kobold brigands
  A bullfrog (D:7)
  A gnoll sergeant (D:5)
  A scorpion (D:6)
  4 wights
  Dowan (D:6)
  11 killer bees (D:7)
  2 howler monkeys
  10 orc priests
  2 hounds
  A sleepcap (D:5)
  3 iguanas
  5 orc wizards
  Robin (D:3)
  16 gnolls
  10 adders
  2 shadow imps
  2 white imps
  3 ufetubi
  2 dart slugs
  43 orcs
  An endoplasm (D:3)
  3 giant cockroaches
  43 goblins
  24 hobgoblins
  2 jackals (D:1)
  2 quokkas
  3 training dummies (D:4)
  8 ball pythons
  9 bats
  2 frilled lizards
  20 kobolds
  4 rats
281 creatures vanquished.

Vanquished Creatures (collateral kills)
  2 yaks (D:10)
  An orc warrior (D:10)
  3 orcs (D:10)
6 creatures vanquished.

Vanquished Creatures (others)
  A goblin (D:5)
1 creature vanquished.

Grand Total: 288 creatures vanquished

Notes
Turn   | Place    | Note
-------+----------+-------------------------------------------
     0 | D:1      | jejorda2 the Gnoll Berserker began the quest for the Orb.
     0 | D:1      | Reached XP level 1. HP: 23/23 MP: 1/1
   151 | D:1      | Found a faded altar of an unknown god.
   153 | D:1      | Reached XP level 2. HP: 29/29 MP: 2/2
   858 | D:2      | Reached XP level 3. HP: 33/35 MP: 2/4
   944 | D:2      | Reached skill level 1 in Invocations
  1019 | D:2      | Reached ** piety under Trog
  1338 | D:2      | Reached skill level 1 in Short Blades
  1338 | D:2      | Reached skill level 1 in Long Blades
  1338 | D:2      | Reached skill level 1 in Maces & Flails
  1338 | D:2      | Reached skill level 1 in Polearms
  1338 | D:2      | Reached skill level 1 in Staves
  1338 | D:2      | Reached skill level 1 in Ranged Weapons
  1338 | D:2      | Reached skill level 1 in Throwing
  1338 | D:2      | Reached skill level 1 in Stealth
  1338 | D:2      | Reached skill level 1 in Shields
  1338 | D:2      | Reached skill level 1 in Unarmed Combat
  1338 | D:2      | Reached skill level 1 in Spellcasting
  1338 | D:2      | Reached skill level 1 in Evocations
  1692 | D:3      | Reached skill level 1 in Shapeshifting
  1692 | D:3      | Reached XP level 4. HP: 41/41 MP: 5/5
  1782 | D:3      | Identified the +6 dagger "Beast's Curse" {drain, Will+}
  1897 | D:3      | Noticed Robin
  1906 | D:3      | Killed Robin
  1907 | D:3      | Reached skill level 1 in Conjurations
  1907 | D:3      | Reached skill level 1 in Hexes
  1907 | D:3      | Reached skill level 1 in Summonings
  1907 | D:3      | Reached skill level 1 in Necromancy
  1907 | D:3      | Reached skill level 1 in Translocations
  1907 | D:3      | Reached skill level 1 in Transmutations
  1907 | D:3      | Reached skill level 1 in Fire Magic
  1907 | D:3      | Reached skill level 1 in Ice Magic
  1907 | D:3      | Reached skill level 1 in Air Magic
  1907 | D:3      | Reached skill level 1 in Earth Magic
  1907 | D:3      | Reached skill level 1 in Poison Magic
  2073 | D:3      | Reached XP level 5. HP: 47/47 MP: 5/7
  2377 | D:4      | Found a hazy altar of Hepliaklqana.
  2502 | D:4      | Found a staircase to the Ecumenical Temple.
  2600 | D:4      | Noticed an ogre
  2606 | D:4      | Killed an ogre
  2607 | D:4      | Reached XP level 6. HP: 53/53 MP: 8/8
  2696 | D:4      | Found Kuveoqoejo's Firing Range.
  2784 | D:4      | Reached *** piety under Trog
  2963 | D:4      | Reached skill level 5 in Armour
  2963 | D:4      | Reached skill level 5 in Dodging
  3148 | D:4      | Found a runed translucent gate.
  3148 | D:4      | Found a runed translucent gate.
  3149 | D:4      | Found a runed translucent gate.
  3151 | D:4      | Noticed hattop's ghost (amateur DrSh)
  3184 | D:4      | Killed hattop's ghost
  3185 | D:4      | Reached XP level 7. HP: 60/60 MP: 10/10
  3247 | D:4      | Found a burning altar of Makhleb.
  3336 | D:5      | Entered Level 5 of the Dungeon
  3336 | D:5      | Noticed a troll
  3347 | D:5      | Killed a troll
  3464 | D:5      | Found a sacrificial altar of Ru.
  3510 | D:5      | Reached XP level 8. HP: 54/67 MP: 12/12
  3887 | D:5      | Reached **** piety under Trog
  5106 | D:6      | Noticed Duvessa
  5106 | D:6      | Noticed Dowan
  5115 | D:6      | Killed Duvessa
  5122 | D:6      | Reached XP level 9. HP: 73/73 MP: 14/14
  5126 | D:6      | Killed Dowan
  5272 | D:6      | Noticed Maggie
  5279 | D:6      | Killed Maggie
  6338 | D:7      | Reached skill level 5 in Invocations
  6781 | D:7      | Found a glowing golden altar of the Shining One.
  6965 | D:8      | Reached XP level 10. HP: 16/80 MP: 17/17
  7258 | D:8      | Found an ornate altar of the Wu Jian Council.
  7467 | D:8      | Found a runed translucent gate.
  7469 | D:8      | Found a runed translucent gate.
  7470 | D:8      | Found a runed translucent gate.
  7471 | D:8      | Noticed demibob's ghost (novice MfCK)
  7680 | D:9      | Reached skill level 5 in Short Blades
  7680 | D:9      | Reached skill level 5 in Long Blades
  7680 | D:9      | Reached skill level 5 in Maces & Flails
  7680 | D:9      | Reached skill level 5 in Polearms
  7680 | D:9      | Reached skill level 5 in Staves
  7680 | D:9      | Reached skill level 5 in Ranged Weapons
  7680 | D:9      | Reached skill level 5 in Throwing
  7680 | D:9      | Reached skill level 5 in Stealth
  7680 | D:9      | Reached skill level 5 in Shields
  7680 | D:9      | Reached skill level 5 in Unarmed Combat
  7680 | D:9      | Reached skill level 5 in Spellcasting
  7680 | D:9      | Reached skill level 5 in Evocations
  7733 | D:9      | Identified the +0 helmet "Soygaudd" {rPois Str+4}
  7735 | D:9      | Found Meotaroz's Antique Armour Boutique.
  8002 | D:9      | Noticed a cyan ugly thing
  8010 | D:9      | Killed a cyan ugly thing
  8418 | D:9      | Found a white marble altar of Elyvilon.
  8429 | D:9      | Found a hide-covered altar of Uskayaw.
  8698 | D:9      | Noticed Gastronok
  8712 | D:9      | Killed Gastronok
  8713 | D:9      | Reached skill level 5 in Shapeshifting
  8965 | D:10     | Entered Level 10 of the Dungeon
  9024 | D:10     | Noticed a two-headed ogre
  9034 | D:10     | Killed a two-headed ogre
  9035 | D:10     | Reached XP level 11. HP: 87/87 MP: 19/19
  9124 | D:10     | Found a staircase to the Lair.
  9132 | D:10     | Found a shimmering blue altar of Sif Muna.
  9239 | D:10     | Reached skill level 5 in Conjurations
  9239 | D:10     | Reached skill level 5 in Hexes
  9239 | D:10     | Reached skill level 5 in Summonings
  9239 | D:10     | Reached skill level 5 in Necromancy
  9239 | D:10     | Reached skill level 5 in Translocations
  9239 | D:10     | Reached skill level 5 in Transmutations
  9239 | D:10     | Reached skill level 5 in Fire Magic
  9239 | D:10     | Reached skill level 5 in Ice Magic
  9239 | D:10     | Reached skill level 5 in Air Magic
  9239 | D:10     | Reached skill level 5 in Earth Magic
  9239 | D:10     | Reached skill level 5 in Poison Magic
  9799 | D:10     | Found a staircase to the Orcish Mines.
  9807 | D:10     | Found a snail-covered altar of Cheibriados.
 10231 | D:10     | Found a shimmering altar of Xom.
 10535 | D:10     | Found an ancient bone altar of Kikubaaqudgha.
 10663 | Lair:1   | Entered Level 1 of the Lair of Beasts
 10730 | Lair:1   | HP: 4/89 [basilisk (10)]
 10730 | Lair:1   | Demolished by a komodo dragon

Illustrated notes

Levels and vault maps discovered:
D:1:      psy_arrival_spokes, layout_loops_cross,
          nicolae_ecumenical_snake_handling, kennysheep_boxes
D:2:      layout_basic, minmay_strange_pillars, chequers_serial_rivers_micro_c
D:3:      layout_loops_ring, minmay_misc_feat_columns, serial_park_tiny_pond,
          grunt_ministairs_9, uniq_robin
D:4:      layout_loops_cross, lemuel_doored_altar, lightli_temple_of_fire,
          minmay_temple_entry_fiery, gammafunk_ghost_nasty_kobolds,
          nicolae_shop_firing_range
D:5:      minmay_goblin_kobold_castle, layout_basic,
          nicolae_ru_the_path_less_chosen, nrook_mini_vaults,
          nicolae_twisty_statue_hallways
D:6:      layout_basic, serial_rivers, chequers_serial_rivers_micro_b,
          chequers_serial_rivers_small_3, chequers_serial_rivers_micro_e,
          chequers_serial_rivers_large_b, chequers_serial_rivers_micro_c,
          chequers_serial_rivers_large_a, uniq_duvessa, uniq_maggie
D:7:      layout_rooms, mainiacjoe_overflow_cross_hatched, serial_corexii_hall,
          corexii_hall_statues_i, chequers_hall_statues_corner_a,
          kennysheep_generic_room_13
D:8:      layout_cave_pools, mainiacjoe_overflow_six_doors_small,
          ebering_ghost_rock_garden, st_stairs_6
D:9:      layout_loops_ring, mainiacjoe_overflow_large_starburst, serial_shops,
          shop, uniq_gastronok
D:10:     layout_roguey, nicolae_sif_muna_condensation,
          mainiacjoe_overflow_alcove_2, lemuel_round_altar,
          mainiacjoe_overflow_tiny_flanked, lair_entry_dummy, hiddenorc2_lemuel
Lair:1:   layout_chaotic_city, st_stairs_10, minivault_25,
          chequers_serial_rivers_micro_c, small_statue_intersection,
          grunt_megastairs_2

Skill      XL: |  1  2  3  4  5  6  7  8  9 10 11 |
---------------+----------------------------------+-----
Invocations    | 1 2 3 4 5 6 7 |  7.0
Short Blades   | 1 2 3 4 5 6 |  6.3
Long Blades    | 1 2 3 4 5 6 |  6.3
Maces & Flails | 1 2 3 4 5 6 |  6.3
Polearms       | 1 2 3 4 5 6 |  6.3
Staves         | 1 2 3 4 5 6 |  6.3
Ranged Weapons | 1 2 3 4 5 6 |  6.3
Throwing       | 1 2 3 4 5 6 |  6.3
Stealth        | 1 2 3 4 5 6 |  6.3
Shields        | 1 2 3 4 5 6 |  6.3
Unarmed Combat | 1 2 3 4 5 6 |  6.3
Spellcasting   | 1 2 3 4 5 6 |  6.3
Evocations     | 1 2 3 4 5 6 |  6.3
Shapeshifting  | 1 2 3 4 5 |  5.8
Conjurations   | 1 2 3 4 5 |  5.2
Hexes          | 1 2 3 4 5 |  5.2
Summonings     | 1 2 3 4 5 |  5.2
Necromancy     | 1 2 3 4 5 |  5.2
Translocations | 1 2 3 4 5 |  5.2
Transmutations | 1 2 3 4 5 |  5.2
Fire Magic     | 1 2 3 4 5 |  5.2
Ice Magic      | 1 2 3 4 5 |  5.2
Air Magic      | 1 2 3 4 5 |  5.2
Earth Magic    | 1 2 3 4 5 |  5.2
Poison Magic   | 1 2 3 4 5 |  5.2
Armour         | 5 6 7 |  7.9
Dodging        | 5 6 7 |  7.9
Fighting       | 7 8 9 |  9.2
Axes           | 7 8 9 |  9.2

Action                     |  1- 3 |  4- 6 |  7- 9 | 10-12 || total
---------------------------+-------+-------+-------+-------++-------
  Melee: Hand axe          |   115 |   142 |   343 |       ||   600
         Bite              |    12 |     5 |    50 |    36 ||   103
         Punch             |     2 |     3 |     9 |     6 ||    20
         Morningstar       |       |       |    72 |   102 ||   174
         War axe           |       |       |    11 |    44 ||    55
         Dire flail        |       |       |       |   146 ||   146
  Throw: Dart              |       |       |       |     5 ||     5
 Invoke: Berserk           |       |     3 |     9 |    11 ||    23
         Trog's Hand       |       |     1 |     5 |     5 ||    11
         Brothers in Arms  |       |       |       |     1 ||     1
  Evoke: Wand              |       |       |       |     1 ||     1
    Use: Scroll            |       |       |    15 |     5 ||    20
         Potion            |       |       |       |     5 ||     5
   Stab: Invisible         |       |       |       |     2 ||     2
 Armour: Ring mail         |    11 |       |       |       ||    11
         Chain mail        |    66 |    81 |   358 |    63 ||   568
         Scale mail        |     2 |       |       |       ||     2
         Animal skin       |       |     3 |       |       ||     3
         Plate armour      |       |       |       |   267 ||   267
  Dodge: Dodged            |    70 |    45 |   254 |   176 ||   545

Table legend: (Time is in decaauts)
 A = Elapsed time spent in this place.
 B = Non-inter-level travel time spent in this place.
 C = Inter-level travel time spent in this place.
 D = Time resting spent in this place.
 E = Time spent auto-exploring this place.
 F = Levels seen in this place.
 G = Mean time per level.
                   A        B        C        D        E       F      G
               +--------+--------+--------+--------+--------+-----+--------+
         Total |  10975 |  10537 |    438 |   1164 |   7219 |  11 |  997.7 |
       Dungeon |  10909 |  10472 |    437 |   1164 |   7219 |  10 | 1090.9 |
          Lair |     65 |     65 |      0 |      0 |      0 |   1 |   65.0 |
               +--------+--------+--------+--------+--------+-----+--------+

Top non-repeatable levels by time:
    D:10: 1741 daAuts
     D:5: 1410 daAuts
     D:9: 1333 daAuts
     D:6: 1238 daAuts
     D:4: 1110 daAuts
     D:7: 1091 daAuts
     D:2: 867 daAuts
     D:1: 817 daAuts
     D:3: 658 daAuts
     D:8: 640 daAuts
  Lair:1: 65 daAuts
